 Dungeon Crawl Stone Soup version 0.26.1-11-gd32895ea62 (webtiles) character file.

Game seed: 1853005107452307602

689 alphawulf the Archer (level 7, -1/56 HPs)
             Began as a Gnoll Hunter on June 6, 2021.
             Slain by a gnoll
             ... wielding a +0 halberd
              (6 damage)
             ... on level 4 of the Dungeon.
             The game lasted 00:11:44 (5483 turns).

alphawulf the Archer (Gnoll Hunter)                 Turns: 5483, Time: 00:11:45

Health: -1/56      AC: 11    Str: 16    XL:     7   Next: 63%
Magic:  10/10      EV:  9    Int: 14    God:
Gold:   302        SH:  0    Dex: 15    Spells: 11/11 levels left

rFire    + . .     SeeInvis .   b - +2 scythe (freeze)
rCold    . . .     Faith    .   (shield currently unavailable)
rNeg     . . .     Spirit   .   i - +1 chain mail {rF+}
rPois    .         Reflect  .   (no helmet)
rElec    .         Harm     .   j - +0 cloak
rCorr    .         Rampage  .   (no gloves)
Will     .....                  (no boots)
Stlth    ..........             (no amulet)
HPRegen  0.18/turn              (no ring)
MPRegen  0.12/turn              (no ring)

@: no status effects
A: distributed training, fangs 1, strong nose
a: no special abilities


You were on level 4 of the Dungeon.
You visited 1 branch of the dungeon, and saw 4 of its levels.

You collected 302 gold pieces.

Inventory:

Hand Weapons
 a - a +2 shortbow
 b - a +2 scythe of freezing (weapon)
Missiles
 d - 12 arrows
 r - 56 bolts
Armour
 i - a +1 chain mail of fire resistance (worn)
 j - a +0 cloak (worn)
Jewellery
 f - an uncursed ring of poison resistance {unknown}
Scrolls
 c - a scroll of enchant armour
 e - 7 scrolls of identify
 h - 2 scrolls of teleportation
Potions
 k - a potion of mutation {unknown}
 l - 2 potions of brilliance {unknown}
 n - 3 potions of cancellation {unknown}
 p - a potion of haste {unknown}
 q - 3 potions of heal wounds {unknown}


   Skills:
 + Level 5.3 Fighting
 + Level 2.6 Short Blades
 + Level 2.6 Long Blades
 + Level 2.6 Axes
 + Level 2.6 Maces & Flails
 + Level 2.6 Polearms
 + Level 2.6 Staves
 + Level 2.6 Slings
 + Level 9.0 Bows
 + Level 2.6 Crossbows
 + Level 2.6 Throwing
 + Level 2.6 Armour
 + Level 5.3 Dodging
 + Level 3.5 Stealth
 + Level 2.6 Shields
 + Level 2.6 Unarmed Combat
 + Level 2.6 Spellcasting
 + Level 2.1 Conjurations
 + Level 2.1 Hexes
 + Level 2.1 Summonings
 + Level 2.1 Necromancy
 + Level 2.1 Translocations
 + Level 2.1 Transmutations
 + Level 2.1 Fire Magic
 + Level 2.1 Ice Magic
 + Level 2.1 Air Magic
 + Level 2.1 Earth Magic
 + Level 2.1 Poison Magic
 + Level 2.9 Invocations
 + Level 2.6 Evocations


You had 11 spell levels left.
You didn't know any spells.
Your spell library contained the following spells:

 Spells                   Type           Power        Failure   Level
 Beastly Appendage        Tmut           14%          86%         1
 Wereblood                Tmut           7%           94%         2
 Spider Form              Tmut/Pois      3%           99%         3
 Ice Form                 Ice/Tmut       7%           100%        4
 Blade Hands              Tmut           3%           100%        5


Dungeon Overview and Level Annotations

Branches:
Dungeon (4/15)
 Temple: D:4-7

Altars:
Dithmenos
Elyvilon
Gozag
Kikubaaqudgha
Uskayaw
Vehumet


Innate Abilities, Weirdness & Mutations

Your experience applies equally to all skills.
You have very sharp teeth.
Your uncanny sense of smell can sniff out nearby items.


Message History

The dart slug bites you but does no damage.
The gnoll hits you from afar with a +0 halberd!
* * * LOW HITPOINT WARNING * * *
The dart slug closely misses you.
You slash the dart slug! You freeze the dart slug.
You kill the dart slug!
The gnoll hits you from afar with a +0 halberd.
* * * LOW HITPOINT WARNING * * *
The gnoll hits you but does no damage.
You are too injured to fight recklessly!
Found a stone staircase leading down.
You see here a dart slug corpse.
You hit the gnoll. You freeze the gnoll. Your bite misses the gnoll.
The gnoll is almost dead.
The gnoll barely misses you. The gnoll hits you with a +0 halberd.
* * * LOW HITPOINT WARNING * * *
You closely miss the gnoll.
The gnoll is almost dead.
The gnoll hits you with a +0 halberd.
You die...

. ##[....## ######
#.......###....##
##..###..#......#
#..####........##
##.<#.##......## ∆
#..........### ∆
#............#
#.............####.##
#.............@)....#
..............#.g...##
...............##....#
#...............
#....#
.......###......
...... #...... ..?..>
....... ..... .....


You could see a gnoll.

Vanquished Creatures
  Sigmund (D:2)
  2 big kobolds (D:3)
  A hound (D:4)
  A worker ant (D:3)
  Robin (D:2)
  4 adders
  14 gnolls
  A worm (D:3)
  4 dart slugs
  2 leopard geckos
  An orc (D:3)
  8 bats
  3 giant cockroaches
  40 goblins
  28 hobgoblins
  2 jackals (D:1)
  6 kobolds
  A quokka (D:2)
  2 ball pythons
  5 frilled lizards
  12 rats
139 creatures vanquished.

Notes
Turn   | Place    | Note
-------+----------+-------------------------------------------
     0 | D:1      | alphawulf the Gnoll Hunter began the quest for the Orb.
     0 | D:1      | Reached XP level 1. HP: 20/20 MP: 1/1
   247 | D:1      | Reached XP level 2. HP: 26/26 MP: 2/2
   680 | D:1      | Reached XP level 3. HP: 31/31 MP: 3/3
  1444 | D:2      | Reached skill level 1 in Invocations
  1631 | D:2      | Noticed Sigmund
  1646 | D:2      | Killed Sigmund
  1647 | D:2      | Reached skill level 1 in Short Blades
  1647 | D:2      | Reached skill level 1 in Long Blades
  1647 | D:2      | Reached skill level 1 in Axes
  1647 | D:2      | Reached skill level 1 in Maces & Flails
  1647 | D:2      | Reached skill level 1 in Polearms
  1647 | D:2      | Reached skill level 1 in Staves
  1647 | D:2      | Reached skill level 1 in Slings
  1647 | D:2      | Reached skill level 1 in Crossbows
  1647 | D:2      | Reached skill level 1 in Throwing
  1647 | D:2      | Reached skill level 1 in Armour
  1647 | D:2      | Reached skill level 1 in Shields
  1647 | D:2      | Reached skill level 1 in Unarmed Combat
  1647 | D:2      | Reached skill level 1 in Spellcasting
  1647 | D:2      | Reached skill level 1 in Conjurations
  1647 | D:2      | Reached skill level 1 in Hexes
  1647 | D:2      | Reached skill level 1 in Summonings
  1647 | D:2      | Reached skill level 1 in Necromancy
  1647 | D:2      | Reached skill level 1 in Translocations
  1647 | D:2      | Reached skill level 1 in Transmutations
  1647 | D:2      | Reached skill level 1 in Fire Magic
  1647 | D:2      | Reached skill level 1 in Ice Magic
  1647 | D:2      | Reached skill level 1 in Air Magic
  1647 | D:2      | Reached skill level 1 in Earth Magic
  1647 | D:2      | Reached skill level 1 in Poison Magic
  1647 | D:2      | Reached skill level 1 in Evocations
  1647 | D:2      | Reached XP level 4. HP: 22/38 MP: 4/6
  1647 | D:2      | Reached XP level 5. HP: 25/43 MP: 4/7
  1799 | D:2      | Found a white marble altar of Elyvilon.
  2020 | D:2      | Noticed Robin
  2027 | D:2      | Killed Robin
  2044 | D:2      | Reached XP level 6. HP: 24/50 MP: 8/8
  2313 | D:2      | Found an opulent altar of Gozag.
  2341 | D:2      | Found a shadowy altar of Dithmenos.
  2819 | D:3      | Found a faded altar of an unknown god.
  3006 | D:3      | Noticed a +0 hand axe
  3017 | D:3      | Found a radiant altar of Vehumet.
  3191 | D:3      | Found an ancient bone altar of Kikubaaqudgha.
  3502 | D:3      | Reached skill level 5 in Fighting
  3502 | D:3      | Reached skill level 5 in Dodging
  3614 | D:3      | Found a hide-covered altar of Uskayaw.
  3615 | D:3      | Noticed a +0 dagger
  4280 | D:3      | Reached XP level 7. HP: 56/56 MP: 10/10
  5478 | D:4      | Reached skill level 9 in Bows
  5483 | D:4      | Slain by a gnoll

Illustrated notes

Levels and vault maps discovered:
D:1:      lemuel_arrival_river_ford, layout_basic, palyth_stone_intersect,
          chequers_serial_rivers_micro_e, st_stairs_4
D:2:      layout_basic, nicolae_gozag_cash_rules_everything_around_me,
          elyvilon_altar_4, grunt_dithmenos_smoke, uniq_sigmund, uniq_robin
D:3:      minmay_goblin_kobold_castle, layout_loops_cross,
          dancing_weapons_uskayaw, marbit_many_paths, vehumet_crystals,
          chequers_ecumenical_altar_simple, minmay_parallelograms,
          minmay_pentangle
D:4:      layout_cave_pools, fedhas_altar_2, uniq_natasha

Skill      XL: |  1  2  3  4  5  6  7 |
---------------+----------------------+-----
Invocations    | 1 2 |  2.9
Short Blades   | 1 2 |  2.6
Long Blades    | 1 2 |  2.6
Axes           | 1 2 |  2.6
Maces & Flails | 1 2 |  2.6
Polearms       | 1 2 |  2.6
Staves         | 1 2 |  2.6
Slings         | 1 2 |  2.6
Crossbows      | 1 2 |  2.6
Throwing       | 1 2 |  2.6
Armour         | 1 2 |  2.6
Shields        | 1 2 |  2.6
Unarmed Combat | 1 2 |  2.6
Spellcasting   | 1 2 |  2.6
Conjurations   | 1 2 |  2.1
Hexes          | 1 2 |  2.1
Summonings     | 1 2 |  2.1
Necromancy     | 1 2 |  2.1
Translocations | 1 2 |  2.1
Transmutations | 1 2 |  2.1
Fire Magic     | 1 2 |  2.1
Ice Magic      | 1 2 |  2.1
Air Magic      | 1 2 |  2.1
Earth Magic    | 1 2 |  2.1
Poison Magic   | 1 2 |  2.1
Evocations     | 1 2 |  2.6
Stealth        | 3 |  3.5
Fighting       | 5 |  5.3
Dodging        | 5 |  5.3
Bows           | 9 |  9.0

Action                   |  1- 3 |  4- 6 |  7- 9 || total
-------------------------+-------+-------+-------++-------
Melee: Short sword       |    57 |       |       ||    57
       Bite              |    12 |     8 |    10 ||    30
       Scythe            |       |   146 |    60 ||   206
 Fire: Shortbow          |    35 |   114 |    26 ||   175
  Use: Scroll            |       |       |     7 ||     7
 Stab: Sleeping          |     2 |       |       ||     2
Armor: Leather armour    |     7 |       |       ||     7
       Chain mail        |    11 |   197 |    69 ||   277
Dodge: Dodged            |    32 |   160 |    81 ||   273
